Map: Romanticide LE

Players

souL - Winner!

  • Race: Terran Terran

Lambo

  • Race: Zerg Zerg

Event: DreamHack SC2 Masters 2021 Fall

VOD

Have the link to the VOD?

Description

Time

  • Played on: July 29, 2021, 1:27 p.m.
  • Length: 30:16

All games in this series

Show
View Real Time Build Order
Export as new Build Order

souL Terran - Winner!

Build Orders:  

Get SALT Encoding   

  12  0:00  SCV  
  13  0:14  Supply Depot  
  13  0:19  SCV  
  14  0:36  Barracks  
  14  0:48  Barracks  
  14  0:51  SCV  
  15  1:03  SCV  
  16  1:23  Marine  
  16  1:24  Orbital Command  
  17  1:31  Supply Depot  
  17  1:39  Marine  
  18  1:41  Marine  
  19  1:53  SCV  
  20  1:57  Marine  
  20  1:58  Bunker  
  21  2:02  Marine, Bunker x2  
  22  2:15  Marine  
  23  2:16  SCV  
  23  2:20  Marine  
  25  2:28  SCV  
  22  2:33  Marine  
  23  2:38  Marine  
  23  2:40  SCV  
  25  2:46  Supply Depot  
  25  2:52  SCV  
  25  2:53  Marine  
  25  2:56  Marine, Command Center  
  28  3:07  SCV  
  30  3:19  Refinery, SCV  
  30  3:28  Command Center  
  30  3:31  SCV  
  31  3:43  SCV  
  31  3:45  Supply Depot  
  32  3:55  Bunker  
  32  3:56  SCV  
  33  4:05  Refinery  
  33  4:08  SCV, Orbital Command  
  34  4:20  SCV, Factory  
  35  4:32  SCV  
  35  4:34  SCV  
  35  4:35  Barracks Tech Lab  
  37  4:40  Barracks Reactor  
  37  4:42  Barracks  
  37  4:43  Orbital Command  
  37  4:44  SCV  
  38  4:46  SCV  
  39  4:52  Refinery  
  39  4:56  Marine, SCV  
  39  4:57  Stimpack  
  39  4:58  SCV  
  42  5:08  SCV  
  42  5:10  SCV x2  
  45  5:17  Starport  
  45  5:18  Marine x3  
  45  5:20  SCV  
  49  5:23  SCV x2  
  49  5:28  Factory Reactor  
  51  5:29  Engineering Bay  
  51  5:30  Engineering Bay  
  51  5:32  Barracks Reactor  
  51  5:33  SCV  
  52  5:36  Marine, SCV, Refinery  
  52  5:39  SCV  
  55  5:45  SCV, Supply Depot  
  55  5:48  SCV  
  57  5:51  SCV, Supply Depot  
  58  5:57  Terran Infantry Armor Level 1, SCV, Terran Infantry Weapons Level 1  
  58  5:59  Supply Depot  
  58  6:00  SCV  
  61  6:08  Orbital Command  
  61  6:09  SCV  
  61  6:12  SCV  
  61  6:13  Medivac, Factory Tech Lab  
  64  6:20  Medivac  
  64  6:21  SCV  
  64  6:22  Barracks  
  64  6:24  SCV  
  64  6:25  Barracks  
  68  6:28  Supply Depot  
  68  6:33  SCV x2  
  68  6:36  SCV  
  68  6:37  Combat Shield  
  68  6:39  Siege Tank  
  73  6:43  Marine x3  
  73  6:45  Marine x2, SCV x2  
  80  6:48  SCV  
  80  6:52  Bunker  
  81  6:57  SCV  
  81  6:58  SCV, Liberator  
  81  7:00  Medivac  
  81  7:01  Marine x3, SCV  
  92  7:08  Supply Depot  
  92  7:09  Supply Depot, SCV  
  92  7:10  SCV  
  92  7:12  Marine x2  
  92  7:13  SCV  
  98  7:15  Barracks Reactor  
  98  7:16  Barracks Reactor  
  98  7:21  SCV  
  98  7:22  SCV  
  99  7:23  Marine x2, Refinery  
  99  7:29  Marine  
  101  7:30  SCV, Siege Tank  
  101  7:31  Supply Depot  
  101  7:33  SCV  
  101  7:34  SCV  
  101  7:35  Marine x2  
  101  7:36  Supply Depot  
  110  7:40  Marine  
  110  7:41  Marine  
  110  7:42  SCV, Command Center  
  112  7:45  SCV  
  112  7:47  Marine  
  112  7:48  SCV  
  112  7:51  Medivac  
  117  7:52  Marine, Medivac, Factory  
  117  7:53  Marine x2  
  117  7:55  Marine  
  123  7:58  Marine  
  123  8:00  Marine x3, Supply Depot x2  
  127  8:05  Armory  
  127  8:07  Widow Mine  
  129  8:14  Marine  
  129  8:15  Marine  
  129  8:16  Marine x2  
  133  8:23  Marine, Supply Depot  
  133  8:24  Supply Depot x2  
  133  8:25  Supply Depot  
  134  8:27  Marine  
  134  8:28  SCV  
  134  8:29  Widow Mine  
  134  8:34  SCV  
  136  8:35  Medivac x2  
  136  8:38  Marine, Factory Reactor  
  141  8:45  Marine x4  
  141  8:48  Marine  
  146  8:50  Barracks x2  
  146  8:52  Widow Mine, Barracks  
  146  8:55  Terran Infantry Armor Level 2, Terran Infantry Weapons Level 2  
  147  8:57  SCV x3  
  150  9:05  Marine  
  150  9:09  SCV x2  
  152  9:11  Drilling Claws  
  152  9:13  Widow Mine  
  152  9:14  SCV, Planetary Fortress  
  155  9:17  Widow Mine  
  155  9:20  Widow Mine  
  155  9:21  SCV x2  
  161  9:25  Supply Depot  
  161  9:26  Supply Depot, SCV  
  161  9:28  Sensor Tower  
  162  9:34  Refinery, Widow Mine  
  164  9:39  Widow Mine  
  164  9:41  Command Center  
  168  9:45  Widow Mine  
  168  9:51  Marine x8  
  163  9:54  Barracks Tech Lab  
  163  9:56  Widow Mine  
  162  10:00  Widow Mine, Medivac x2  
  162  10:01  Barracks Tech Lab  
  162  10:02  Barracks Tech Lab  
  165  10:07  Widow Mine  
  165  10:10  SCV x2  
  165  10:11  SCV x2  
  165  10:12  Refinery  
  169  10:14  Fusion Core  
  169  10:17  Widow Mine  
  171  10:21  Widow Mine  
  171  10:22  SCV  
  171  10:23  SCV  
  177  10:28  Widow Mine  
  177  10:30  Medivac x2  
  177  10:34  SCV  
  182  10:36  Command Center  
  182  10:37  Starport  
  182  10:39  Widow Mine  
  179  10:43  Widow Mine, Marauder  
  179  10:44  Marauder x2  
  188  10:50  Widow Mine  
  188  10:53  Marauder  
  177  11:00  Marine, Widow Mine, Medivac  
  177  11:03  Marine  
  185  11:04  Widow Mine  
  185  11:05  Marine, Marauder x2  
  185  11:06  Advanced Ballistics, Marauder  
  185  11:08  Marine, Terran Vehicle And Ship Armor Level 1  
  193  11:16  Medivac, Command Center  
  195  11:24  Starport Reactor  
  195  11:25  Command Center  
  195  11:26  Ghost Academy  
  195  11:30  Medivac  
  193  11:40  Terran Infantry Weapons Level 3  
  193  11:44  Widow Mine  
  195  11:51  Marauder x2  
  199  11:59  Orbital Command  
  185  12:02  Liberator x3  
  185  12:04  Planetary Fortress  
  190  12:09  Marauder  
  190  12:11  Widow Mine  
  184  12:23  Liberator, Ghost  
  187  12:32  Command Center  
  187  12:39  Missile Turret  
  187  12:40  Missile Turret  
  187  12:42  Refinery  
  187  12:43  Refinery  
  187  12:44  Orbital Command  
  187  12:45  Liberator x2  
  187  12:47  Liberator  
  194  12:57  Terran Infantry Armor Level 3  
  194  13:07  Widow Mine  
  194  13:08  Command Center  
  194  13:09  Sensor Tower  
  194  13:20  Liberator  
  197  13:29  Ghost  
  197  13:33  Ghost Academy  
  199  13:34  Ghost Academy, Personal Cloaking  
  199  13:41  Widow Mine x2  
  195  13:56  Ghost x2  
  187  14:13  Widow Mine x3  
  187  14:14  Marine, Marauder  
  174  14:21  Marine, Planetary Fortress, Marauder  
  177  14:25  Marauder  
  177  14:26  Marauder  
  177  14:29  Planetary Fortress  
  180  14:33  Factory  
  180  14:34  Widow Mine x3  
  180  14:35  Marauder  
  180  14:37  Missile Turret  
  180  14:38  Liberator, Command Center  
  188  14:40  Marine  
  188  14:43  Marauder  
  191  14:47  Marauder x2  
  193  14:55  Widow Mine x3  
  193  14:57  Marauder  
  193  14:58  Nuke x2  
  199  15:00  Nuke  
  199  15:05  Refinery  
  195  15:08  Command Center  
  195  15:11  Marauder  
  194  15:17  Widow Mine x3  
  197  15:33  Command Center x2  
  190  15:46  Ghost  
  189  16:09  Widow Mine x4  
  189  16:11  Marine  
  189  16:12  Marauder x3  
  189  16:15  Marine  
  189  16:16  Marine, Planetary Fortress  
  189  16:17  Marine  
  189  16:18  Marauder  
  172  16:19  Medivac x2  
  166  16:30  Widow Mine, Liberator  
  166  16:31  Widow Mine x3  
  175  16:35  Missile Turret  
  175  16:37  Missile Turret  
  175  16:38  Sensor Tower  
  175  16:39  Command Center  
  173  16:41  Marine x8, Marauder x4  
  189  16:52  Widow Mine  
  193  16:54  Widow Mine  
  193  16:56  Widow Mine  
  193  16:59  Marine x3  
  188  17:03  Marauder x4  
  188  17:07  Medivac  
  188  17:08  Marine  
  176  17:14  Orbital Command  
  164  17:18  Widow Mine x2  
  150  17:23  Widow Mine  
  150  17:24  Marauder x4  
  150  17:25  Neosteel Armor, Hi-Sec Auto Tracking  
  150  17:28  Marine  
  158  17:33  Medivac  
  158  17:34  Marine  
  158  17:35  Marine x6  
  150  17:39  Orbital Command  
  150  17:41  Widow Mine  
  150  17:43  Medivac  
  145  17:44  Widow Mine  
  145  17:45  Marauder x3  
  145  17:46  Marine, Marauder  
  145  17:47  Medivac x2  
  145  17:48  Widow Mine x2  
  164  17:52  Marine x6  
  164  17:53  Marine, SCV x6  
  174  18:02  Widow Mine  
  174  18:04  Nuke x2, Marine  
  174  18:05  SCV x5  
  178  18:06  Marine, Widow Mine, Ghost  
  178  18:07  Medivac  
  178  18:09  Marine  
  189  18:14  Widow Mine x2  
  189  18:15  Medivac  
  189  18:17  Marine, Medivac  
  189  18:18  Marine  
  187  18:25  Marine x3  
  183  18:28  Widow Mine  
  183  18:30  Marine  
  183  18:32  Marine  
  169  18:36  Medivac  
  169  18:37  Medivac  
  172  18:45  Marine x5, Medivac  
  172  18:48  Medivac  
  164  18:50  Marine, Widow Mine x4  
  164  18:51  Marine x5  
  164  18:52  Marine  
  143  19:03  Marine x5  
  151  19:12  Widow Mine  
  155  19:24  Ghost x2  
  155  19:25  Ghost x2  
  155  19:29  Widow Mine  
  150  19:31  Orbital Command  
  160  19:39  Marine  
  162  19:57  Ghost x4  
  154  20:00  Viking  
  154  20:02  Viking  
  154  20:15  Command Center  
  154  20:17  Command Center  
  154  20:20  Terran Vehicle And Ship Armor Level 2  
  154  20:24  Armory  
  154  20:25  Enhanced Shockwaves  
  154  20:26  Ghost x4  
  154  20:27  SCV x7  
  169  20:29  Sensor Tower  
  169  20:31  Widow Mine  
  171  20:37  Marine  
  171  20:41  Marine, Widow Mine  
  175  20:44  Viking x4  
  183  20:54  Ghost x2  
  187  21:05  Unknown, Command Center  
  191  21:23  Liberator x4  
  190  22:10  Ghost x4  
  197  22:17  Planetary Fortress  
  191  22:26  Refinery  
  191  22:27  Refinery  
  191  22:28  Marine  
  180  22:37  Marine x7  
  164  22:38  Ghost x2  
  164  22:39  Marine, Marauder  
  171  22:46  Marine, Viking x4  
  166  22:54  Marine  
  166  22:55  Marine x6  
  166  22:56  Command Center  
  166  22:57  Marauder  
  175  23:00  Marine  
  175  23:03  Marine  
  175  23:11  Command Center  
  175  23:14  Factory Tech Lab  
  175  23:16  Viking x3, Terran Vehicle And Ship Armor Level 3  
  175  23:19  Planetary Fortress  
  181  23:28  Missile Turret  
  181  23:29  Sensor Tower  
  181  23:31  Refinery  
  181  23:32  Refinery  
  181  23:43  Nuke x2  
  181  23:57  Viking x4, Planetary Fortress  
  180  24:27  Viking x4  
  180  24:28  Orbital Command  
  180  24:29  Orbital Command  
  188  24:31  Missile Turret  
  188  24:32  Missile Turret  
  188  24:34  Missile Turret  
  188  24:35  Missile Turret x2  
  188  24:36  Refinery  
  188  24:37  Missile Turret  
  185  24:40  Refinery  
  185  24:56  Liberator, Missile Turret  
  185  24:57  Liberator x3  
  197  25:13  Ghost x3  
  199  25:21  Missile Turret x2  
  199  25:22  Missile Turret  
  199  25:24  Terran Ship Weapons Level 1  
  199  25:25  Nuke  
  192  26:08  Ghost x4  
  198  26:29  Nuke x3  
  198  26:30  Command Center  
  198  26:33  Command Center  
  198  26:51  Terran Vehicle Weapons Level 1, Weapon Refit, Factory  
  198  26:53  Factory x2  
  198  26:58  Missile Turret  
  196  27:16  Ghost x2  
  196  27:20  Ghost  
  196  27:21  Missile Turret x2  
  180  27:30  Marine, Ghost  
  180  27:32  Marine  
  180  27:36  Widow Mine  
  174  27:39  Marine, Liberator x4  
  174  27:40  Marine x5  
  170  27:44  Ghost x2  
  170  27:48  Marine, Ghost  
  170  27:50  Marine  
  178  27:58  Ghost, Factory Tech Lab x3  
  172  28:00  Thor  
  172  28:01  Thor  
  186  28:14  Starport  
  192  28:21  Liberator  
  192  28:22  Liberator  
  200  28:36  Thor  
  196  29:02  Nuke  
  196  29:03  Nuke  
  196  29:07  Missile Turret  
  196  29:09  Missile Turret  
  182  29:13  Thor  
Show
View Real Time Build Order
Export as new Build Order

Lambo Zerg 

Build Orders: Hatch First 

Get SALT Encoding   

  12  0:00  Drone  
  13  0:12  Overlord  
  13  0:16  Drone  
  14  0:30  Drone x2  
  16  0:47  Hatchery  
  15  0:50  Drone  
  15  0:53  Drone  
  17  0:57  Drone  
  18  1:07  Extractor  
  17  1:12  Spawning Pool  
  17  1:15  Drone  
  17  1:18  Drone  
  18  1:27  Drone  
  19  1:38  Drone  
  20  1:49  Overlord  
  20  1:59  Queen x2  
  20  2:00  Zergling x2  
  26  2:04  Spine Crawler  
  24  2:17  Drone  
  22  2:25  Drone  
  22  2:44  Drone x3  
  22  2:47  Drone  
  26  2:53  Drone  
  26  2:57  Drone  
  28  3:02  Overlord  
  28  3:12  Overlord  
  28  3:22  Queen  
  28  3:23  Drone x4  
  28  3:25  Drone  
  35  3:37  Zergling x2  
  35  3:41  Queen  
  35  3:46  Drone  
  35  3:47  Drone x3, Spine Crawler  
  40  3:52  Drone x2  
  43  3:57  Metabolic Boost  
  43  4:00  Drone  
  44  4:04  Overlord  
  44  4:09  Overlord  
  44  4:13  Hatchery  
  43  4:22  Overlord  
  43  4:25  Queen, Extractor  
  43  4:27  Drone  
  43  4:31  Zergling x2, Drone  
  47  4:32  Zergling x2  
  47  4:38  Queen  
  51  4:39  Overlord  
  51  4:42  Zergling x2  
  51  4:43  Zergling x2  
  51  4:45  Zergling x4  
  55  4:47  Drone  
  55  4:49  Drone  
  57  4:53  Drone, Baneling Nest  
  57  4:56  Drone x2  
  57  4:59  Overlord  
  59  5:04  Drone  
  60  5:11  Drone x4  
  64  5:19  Drone  
  64  5:21  Zergling x2  
  66  5:22  Lair  
  66  5:23  Drone x3  
  66  5:24  Extractor  
  66  5:27  Queen  
  70  5:29  Drone  
  70  5:30  Drone x2  
  73  5:36  Spore Crawler  
  73  5:38  Spore Crawler  
  73  5:40  Drone  
  73  5:41  Spore Crawler  
  73  5:42  Drone x2  
  73  5:43  Drone  
  73  5:44  Drone  
  73  5:48  Drone x2  
  77  5:51  Overlord  
  77  5:52  Drone x2  
  77  5:55  Drone  
  77  5:56  Drone  
  81  6:01  Extractor  
  81  6:02  Extractor  
  79  6:04  Drone  
  79  6:06  Drone  
  79  6:07  Drone  
  79  6:09  Zergling x2  
  83  6:12  Zergling x4, Hatchery  
  83  6:15  Zergling x2  
  85  6:19  Drone x2  
  85  6:23  Evolution Chamber  
  85  6:24  Drone x3, Centrifical Hooks  
  85  6:25  Evolution Chamber  
  88  6:26  Overseer  
  88  6:32  Drone x2  
  90  6:33  Overlord  
  90  6:36  Overlord x2  
  90  6:38  Overlord  
  90  6:39  Overlord  
  89  6:44  Overlord  
  89  6:45  Overlord  
  89  6:50  Overlord  
  89  6:52  Drone  
  90  6:56  Zerg Melee Weapons Level 1, Zerg Ground Armor Level 1  
  90  6:57  Queen  
  92  7:03  Zergling x4  
  92  7:04  Zergling x10  
  92  7:08  Zergling x8  
  103  7:11  Zergling x2  
  103  7:12  Queen  
  106  7:16  Zergling x8  
  110  7:32  Zergling x22  
  118  7:39  Baneling x10  
  118  7:42  Drone x3  
  121  7:47  Drone x5  
  126  7:54  Drone x6  
  126  7:55  Drone  
  133  8:01  Zergling x6, Hatchery  
  135  8:08  Zergling x8  
  139  8:14  Zergling x12  
  139  8:18  Zergling x4  
  147  8:21  Hatchery  
  147  8:23  Zergling x10  
  151  8:31  Overlord  
  151  8:32  Overlord  
  147  8:34  Overlord  
  147  8:37  Overlord  
  147  8:38  Overlord  
  147  8:40  Overlord  
  142  8:43  Drone x3  
  142  8:45  Overlord  
  142  8:47  Overlord x2  
  144  8:50  Overlord  
  144  8:54  Drone, Overlord  
  144  8:55  Drone x6  
  151  8:59  Infestation Pit  
  151  9:01  Zergling x4  
  147  9:08  Zergling x6  
  147  9:12  Overseer  
  147  9:14  Zergling x10  
  147  9:15  Baneling x17  
  150  9:21  Zergling x12  
  156  9:24  Zergling x2  
  156  9:30  Drone x3  
  160  9:33  Zergling x4  
  160  9:37  Overseer  
  161  9:39  Zergling x12  
  166  9:50  Zergling x22  
  160  9:54  Zerg Melee Weapons Level 2, Zerg Ground Armor Level 2  
  160  9:57  Zergling x10  
  161  10:02  Drone  
  161  10:06  Spore Crawler  
  160  10:08  Hive  
  160  10:10  Drone x3  
  160  10:13  Zergling x12  
  169  10:15  Pneumatized Carapace  
  169  10:16  Zergling x14  
  169  10:20  Zergling x6  
  169  10:21  Queen x2  
  179  10:25  Zergling x4  
  183  10:32  Spore Crawler  
  183  10:33  Zergling x4  
  183  10:34  Zergling x12  
  184  10:39  Zergling x14  
  184  10:40  Baneling x11  
  190  10:43  Drone x4  
  193  10:50  Zergling x8  
  193  10:52  Zergling x2  
  193  10:53  Zergling x2, Baneling  
  193  10:54  Baneling x6  
  194  10:58  Zergling x6  
  194  11:00  Zergling x6  
  198  11:06  Zergling x4  
  198  11:07  Baneling x11  
  193  11:11  Drone x6  
  193  11:13  Extractor  
  193  11:15  Extractor, Zergling x2, Spire  
  193  11:16  Zergling x4  
  199  11:22  Zergling x2  
  200  11:28  Zergling x18  
  200  11:32  Zergling x4  
  199  11:36  Zergling x6  
  200  11:41  Overlord  
  200  11:49  Hatchery, Drone x3  
  200  11:50  Drone x3  
  200  11:52  Spore Crawler, Drone x2  
  199  11:57  Zergling x8  
  199  11:58  Overlord  
  188  12:05  Zergling x28  
  200  12:11  Baneling x15  
  200  12:12  Zerg Ground Armor Level 3  
  196  12:17  Zergling x2  
  196  12:19  Zergling x2  
  196  12:20  Zergling x12  
  196  12:22  Zergling x8  
  190  12:27  Drone x8  
  192  12:34  Zerg Flyer Weapons Level 1  
  191  12:42  Extractor, Corruptor x5  
  200  12:46  Extractor  
  199  12:53  Spore Crawler x2  
  199  12:54  Extractor  
  196  12:58  Extractor  
  196  12:59  Spine Crawler  
  196  13:02  Zerg Melee Weapons Level 3  
  196  13:03  Adrenal Glands  
  196  13:05  Baneling x8  
  194  13:09  Zergling x2  
  194  13:10  Zergling x12  
  198  13:14  Zergling x6  
  198  13:21  Pathogen Glands  
  198  13:24  Corruptor x2  
  197  13:41  Spore Crawler  
  197  13:44  Overlord  
  197  13:46  Zergling x8  
  197  13:48  Baneling x15  
  199  13:57  Zergling x4  
  195  14:03  Overlord  
  195  14:05  Overlord  
  195  14:09  Zergling x28  
  196  14:14  Zergling x14  
  197  14:36  Baneling x13  
  197  14:42  Hatchery  
  194  14:45  Greater Spire  
  194  14:47  Zergling x12  
  194  14:48  Spire  
  194  14:49  Baneling x13  
  197  14:53  Zergling x4  
  198  15:01  Drone x2  
  195  15:08  Baneling x8  
  195  15:15  Overseer  
  195  15:17  Queen x2  
  199  15:26  Zergling x4  
  199  15:40  Overseer x2  
  199  15:55  Overseer  
  198  16:01  Zergling x6  
  192  16:11  Zergling x24  
  199  16:15  Corruptor x8  
  199  16:17  Zergling x6  
  199  16:25  Corruptor  
  197  16:32  Zerg Flyer Weapons Level 2  
  199  16:38  Hatchery  
  199  16:39  Zergling x14  
  200  16:40  Baneling x10  
  199  16:49  Overseer x2  
  199  16:52  Baneling x15  
  199  16:53  Zergling x2  
  195  17:04  Spore Crawler  
  195  17:05  Zergling x50, Spore Crawler x2, Spine Crawler, Extractor  
  195  17:06  Extractor  
  183  17:15  Zergling x16  
  183  17:16  Zergling x2  
  181  17:23  Zergling x12  
  175  17:33  Zergling x14  
  172  17:41  Drone x6  
  170  17:50  Drone x6  
  176  17:55  Zergling x6  
  176  17:56  Baneling x11  
  179  17:59  Drone x3  
  179  18:00  Drone x2  
  179  18:02  Zergling x8  
  188  18:07  Zergling x8  
  188  18:12  Zergling x12  
  198  18:19  Zergling x12  
  198  18:21  Zergling x6  
  198  18:26  Zergling x12  
  196  18:30  Baneling x18  
  182  18:39  Infestor x4  
  165  18:49  Zergling x14  
  154  19:06  Zergling x18  
  163  19:10  Overseer  
  163  19:13  Hatchery  
  157  19:18  Infestor x2  
  161  19:24  Brood Lord  
  152  19:33  Brood Lord  
  152  19:38  Brood Lord  
  154  19:45  Unknown  
  153  19:51  Brood Lord x3  
  160  20:00  Overseer, Brood Lord  
  160  20:05  Brood Lord  
  160  20:20  Hatchery  
  159  20:25  Brood Lord  
  161  20:31  Infestor x2  
  161  20:33  Baneling x5  
  159  20:39  Zerg Flyer Armor Level 1  
  159  20:41  Infestor  
  161  20:48  Brood Lord  
  163  20:54  Infestor x3  
  168  21:10  Brood Lord  
  170  21:16  Brood Lord  
  172  21:21  Hatchery  
  171  21:32  Infestor x6  
  177  21:35  Zergling x4  
  177  21:36  Zergling x2  
  179  21:44  Zergling x2  
  166  21:53  Zergling x2  
  166  21:54  Zergling x20  
  169  22:02  Infestor x2  
  169  22:04  Viper  
  164  22:18  Corruptor x2  
  164  22:19  Corruptor  
  146  22:37  Corruptor x5  
  147  22:48  Queen x3  
  153  22:56  Drone x3  
  156  23:00  Extractor  
  156  23:01  Zergling x10  
  156  23:03  Spore Crawler  
  156  23:05  Brood Lord  
  160  23:21  Burrow  
  160  23:26  Zergling x24  
  172  23:38  Zergling x18  
  178  23:48  Corruptor  
  178  23:59  Hatchery  
  176  24:10  Overseer  
  176  24:12  Corruptor x2  
  176  24:21  Brood Lord  
  178  24:44  Brood Lord  
  180  24:47  Corruptor x2  
  180  24:49  Baneling x5  
  182  24:57  Corruptor  
  182  25:08  Viper  
  185  25:16  Brood Lord  
  187  25:23  Extractor x2, Spore Crawler  
  187  25:27  Brood Lord  
  186  25:29  Zerg Flyer Armor Level 2, Overseer  
  184  25:38  Corruptor, Brood Lord  
  186  25:56  Corruptor x3  
  186  26:10  Corruptor x2  
  190  26:12  Overseer  
  190  26:15  Zergling x6  
  190  26:16  Baneling x7  
  193  26:39  Overlord  
  189  27:01  Brood Lord  
  189  27:02  Corruptor x3  
  195  27:11  Corruptor x2  
  164  27:36  Corruptor  
  164  27:37  Corruptor x5  
  164  27:46  Queen x2  
  168  27:54  Queen x2  
  168  27:58  Zerg Missile Weapons Level 1  
  172  28:00  Queen  
  174  28:08  Spore Crawler, Baneling  
  174  28:09  Baneling  
  174  28:12  Spore Crawler x2, Corruptor  
  171  28:17  Zergling x22  
  184  28:21  Queen x2  
  188  28:32  Overseer  
  186  28:38  Baneling x12  
  186  28:47  Overseer  
  179  29:09  Viper  
  171  29:10  Viper  
  171  29:12  Queen x2, Brood Lord  
  180  29:26  Viper  
  183  29:37  Corruptor x5  
  173  29:57  Zergling x44  

Tags
 
Add a new tag
Caveats
  • Supply blocks, unpowered buildings, or Contaminate may cause inaccurate times.
  • Supply counts are checked every 10 seconds.